General information
- name: BNet
- type: Ladder team game (AT/RT)
- host: Battle.net
- saver: Heads-Will-Roll
map: Mur'gulOasis
- players: 8
- length: 18:52
- speed: Fast
- version: 1.26 W3XP
- replay type: Public
» download(107 KB)
Players
team 1 (loser)

»
UTURN (
yellow | 33 APM | 455 actions | 13:59)
3 Priestess of the Moon
2 Trueshot Aura
1 Scout
1 Keeper of the Grove
1 Entangling Roots
» actions
| Basic commands | 10 | |
| Build / train | 66 | |
| Enter build submenu | 23 | |
| Enter hero's abilities submenu | 4 | |
| Right click | 122 | |
| Select / deselect | 192 | |
| Use ability | 38 | |
455 total
» units
| Wisp | 21 | |
| Huntress | 8 | |
| Archer | 8 | |
| Dryad | 7 | |
| Hippogryph | 3 | |
47 total
» upgrades
| Strength of the Wild | 3 | |
| Reinforced Hides | 3 | |
| Strength of the Moon | 2 | |
| Moon Armor | 2 | |
| Abolish Magic | 1 | |
| Improved Bows | 1 | |
12 total
» buildings
| Altar of Elders | 1 | |
| Moon Well | 7 | |
| Hunter's Hall | 2 | |
| Ancient of War | 1 | |
| Ancient Protector | 4 | |
| Tree of Ages | 2 | |
| Ancient of Lore | 3 | |
| Ancient of Wonders | 1 | |
| Ancient of Wind | 3 | |
24 total
» build order
00:12 Altar of Elders
00:18 Moon Well
01:39 Hunter's Hall
01:48 Ancient of War
02:11 Moon Well
02:14 Moon Well
02:58 Ancient Protector
04:46 Moon Well
05:39 Hunter's Hall
05:52 Tree of Ages
06:45 Ancient Protector
06:48 Ancient Protector
08:03 Moon Well
08:28 Ancient of Lore
08:31 Ancient of Lore
08:44 Tree of Ages
08:49 Ancient of Wonders
09:35 Moon Well
09:42 Ancient of Lore
10:53 Ancient of Wind
11:19 Ancient Protector
11:42 Ancient of Wind
11:48 Ancient of Wind
11:53 Moon Well
Gson2311 (
blue | 31 APM | 160 actions | 05:07)
1 Keeper of the Grove
1 Force of Nature
» actions
| Build / train | 23 | |
| Enter build submenu | 9 | |
| Enter hero's abilities submenu | 1 | |
| Right click | 65 | |
| Select / deselect | 47 | |
| Use ability | 15 | |
160 total
» units
» buildings
| Moon Well | 4 | |
| Altar of Elders | 1 | |
| Ancient of War | 2 | |
7 total
» build order
00:21 Moon Well
00:33 Altar of Elders
00:47 Moon Well
02:23 Moon Well
02:34 Ancient of War
02:41 Ancient of War
02:50 Moon Well
glockman (
orange | 31 APM | 576 actions | 18:50)
3 Blademaster
1 Wind Walk
2 Critical Strike
1 Keeper of the Grove
1 Entangling Roots
» actions
| Assign group hotkey | 3 | |
| Build / train | 51 | |
| Enter build submenu | 12 | |
| Enter hero's abilities submenu | 4 | |
| Right click | 310 | |
| Select / deselect | 153 | |
| Select group hotkey | 4 | |
| Use ability | 39 | |
576 total
» units
| Peon | 13 | |
| Troll Batrider | 4 | |
| Peasant | 4 | |
| Demolisher | 2 | |
| Hippogryph | 8 | |
| Wind Rider | 5 | |
36 total
» upgrades
» buildings
| Altar of Storms | 1 | |
| Orc Burrow | 5 | |
| War Mill | 1 | |
| Voodoo Lounge | 1 | |
| Stronghold | 1 | |
| Watch Tower | 2 | |
| Beastiary | 3 | |
| Guard Tower | 1 | |
| Barracks | 1 | |
| Fortress | 1 | |
17 total
» build order
00:28 Altar of Storms
00:30 Orc Burrow
01:40 War Mill
02:11 Voodoo Lounge
03:18 Stronghold
04:01 Orc Burrow
04:02 Orc Burrow
04:04 Orc Burrow
05:34 Watch Tower
05:39 Watch Tower
05:45 Beastiary
06:40 Beastiary
06:45 Beastiary
06:56 Orc Burrow
08:19 Guard Tower
09:06 Barracks
17:24 Fortress
» items
| Healing Salve | 1 | |
| Lesser Clarity Potion | 1 | |
| Scroll of Speed | 1 | |
3 total

»
Alphaconkeer92 (
pink | 26 APM | 207 actions | 08:01)
» actions
| Build / train | 21 | |
| Enter build submenu | 17 | |
| Right click | 62 | |
| Select / deselect | 90 | |
| Use ability | 17 | |
207 total
» units
» buildings
| Lumber Mill | 1 | |
| Scout Tower | 14 | |
| Guard Tower | 10 | |
25 total
» build order
00:10 Lumber Mill
01:02 Scout Tower
01:04 Scout Tower
01:07 Scout Tower
01:12 Scout Tower
01:28 Guard Tower
01:33 Scout Tower
01:36 Guard Tower
01:43 Guard Tower
01:57 Scout Tower
02:02 Scout Tower
02:06 Guard Tower
02:21 Scout Tower
02:29 Guard Tower
02:45 Scout Tower
03:41 Scout Tower
03:59 Guard Tower
04:08 Guard Tower
04:21 Scout Tower
04:23 Scout Tower
04:50 Guard Tower
04:53 Guard Tower
04:56 Scout Tower
05:52 Scout Tower
05:59 Guard Tower
team 2 (winner)

»
weroikjh (
green | 80 APM | 1507 actions | 18:51)
7 Blademaster
3 Wind Walk
3 Critical Strike
1 Bladestorm
» actions
| Assign group hotkey | 28 | |
| Basic commands | 27 | |
| Build / train | 42 | |
| Enter build submenu | 18 | |
| Enter hero's abilities submenu | 7 | |
| Right click | 833 | |
| Select / deselect | 228 | |
| Select group hotkey | 232 | |
| Use ability | 92 | |
1507 total
» units
| Peon | 7 | |
| Wind Rider | 3 | |
| Troll Batrider | 9 | |
19 total
» upgrades
» buildings
| Altar of Storms | 1 | |
| Orc Burrow | 8 | |
| War Mill | 1 | |
| Voodoo Lounge | 1 | |
| Stronghold | 1 | |
| Watch Tower | 4 | |
| Beastiary | 2 | |
| Fortress | 1 | |
19 total
» build order
00:06 Altar of Storms
00:18 Orc Burrow
00:51 War Mill
01:06 Voodoo Lounge
02:19 Stronghold
02:37 Watch Tower
02:57 Watch Tower
03:12 Watch Tower
04:51 Beastiary
05:02 Beastiary
05:36 Orc Burrow
05:39 Orc Burrow
06:18 Watch Tower
06:48 Orc Burrow
11:55 Fortress
11:56 Orc Burrow
18:08 Orc Burrow
18:08 Orc Burrow
18:45 Orc Burrow
» items
| Healing Salve | 3 | |
| Lesser Clarity Potion | 3 | |
| Scroll of Speed | 2 | |
| Boots of Speed | 1 | |
| Staff of Teleportation | 1 | |
10 total
Heads-Will-Roll (
red | 84 APM | 1578 actions | 18:52)
5 Blademaster
3 Wind Walk
2 Critical Strike
» actions
| Assign group hotkey | 250 | |
| Basic commands | 51 | |
| Build / train | 60 | |
| Enter build submenu | 32 | |
| Enter hero's abilities submenu | 5 | |
| Give item / drop item | 4 | |
| Right click | 723 | |
| Select / deselect | 267 | |
| Select group hotkey | 118 | |
| Use ability | 68 | |
1578 total
» units
» upgrades
| Ranged Weapons | 2 | |
| Berserker Strength | 1 | |
3 total
» buildings
| Orc Burrow | 5 | |
| Altar of Storms | 1 | |
| Barracks | 1 | |
| Voodoo Lounge | 1 | |
| Stronghold | 5 | |
| War Mill | 1 | |
| Beastiary | 2 | |
| Watch Tower | 19 | |
| Great Hall | 2 | |
| Fortress | 1 | |
38 total
» build order
00:12 Orc Burrow
00:35 Altar of Storms
00:50 Barracks
01:19 Orc Burrow
01:35 Voodoo Lounge
02:51 Stronghold
02:52 Stronghold
02:52 Stronghold
04:06 War Mill
04:29 Orc Burrow
05:16 Beastiary
05:17 Beastiary
06:27 Orc Burrow
06:58 Watch Tower
06:58 Watch Tower
06:59 Watch Tower
09:40 Great Hall
11:43 Watch Tower
11:43 Watch Tower
11:43 Watch Tower
11:44 Watch Tower
11:44 Watch Tower
11:44 Watch Tower
11:45 Watch Tower
11:47 Watch Tower
11:47 Watch Tower
11:49 Watch Tower
11:53 Watch Tower
11:54 Watch Tower
11:56 Watch Tower
14:01 Great Hall
15:19 Orc Burrow
15:35 Fortress
17:37 Watch Tower
17:39 Watch Tower
» items
| Healing Salve | 7 | |
| Boots of Speed | 1 | |
| Staff of Teleportation | 1 | |
| Potion of Healing | 1 | |
| Orb of Lightning | 1 | |
11 total

»
Devlar (
purple | 56 APM | 1047 actions | 18:51)
5 Archmage
3 Summon Water Elemental
2 Brilliance Aura
1 Paladin
1 Holy Light
» actions
| Assign group hotkey | 30 | |
| Basic commands | 71 | |
| Build / train | 63 | |
| ESC pressed | 1 | |
| Enter build submenu | 24 | |
| Enter hero's abilities submenu | 6 | |
| Right click | 318 | |
| Select / deselect | 315 | |
| Select group hotkey | 161 | |
| Use ability | 58 | |
1047 total
» units
| Peasant | 14 | |
| Footman | 11 | |
| Rifleman | 7 | |
| Knight | 3 | |
35 total
» upgrades
| Defend | 1 | |
| Gunpowder | 1 | |
| Armor | 1 | |
| Swords | 2 | |
| Plating | 2 | |
| Lumber Harvesting | 2 | |
| Animal War Training | 1 | |
10 total
» buildings
| Barracks | 2 | |
| Farm | 13 | |
| Altar of Kings | 1 | |
| Lumber Mill | 1 | |
| Blacksmith | 2 | |
| Arcane Vault | 1 | |
| Keep | 1 | |
| Castle | 3 | |
| Town Hall | 1 | |
25 total
» build order
00:03 Barracks
00:05 Farm
00:20 Altar of Kings
00:47 Farm
01:45 Farm
02:20 Lumber Mill
02:58 Barracks
03:51 Farm
03:53 Farm
04:46 Blacksmith
07:14 Arcane Vault
07:59 Farm
08:54 Keep
10:11 Farm
10:14 Farm
10:17 Farm
10:25 Blacksmith
11:15 Castle
11:16 Castle
11:18 Farm
14:14 Town Hall
17:14 Farm
17:17 Farm
17:21 Farm
» items
| Scroll of Regeneration | 3 | |
| Orb of Fire | 1 | |
4 total
BeerLord (
teal | 31 APM | 587 actions | 18:51)
4 Keeper of the Grove
2 Force of Nature
2 Entangling Roots
» actions
| Assign group hotkey | 15 | |
| Build / train | 41 | |
| Enter build submenu | 18 | |
| Enter hero's abilities submenu | 4 | |
| Right click | 249 | |
| Select / deselect | 139 | |
| Select group hotkey | 98 | |
| Use ability | 23 | |
587 total
» units
| Wisp | 12 | |
| Archer | 4 | |
| Glaive Thrower | 3 | |
| Chimaera | 6 | |
25 total
» upgrades
| Reinforced Hides | 3 | |
| Strength of the Wild | 3 | |
| Corrosive Breath | 1 | |
| Well Spring | 1 | |
| Ultravision | 1 | |
9 total
» buildings
| Moon Well | 9 | |
| Altar of Elders | 1 | |
| Ancient of War | 1 | |
| Tree of Ages | 1 | |
| Hunter's Hall | 1 | |
| Tree of Eternity | 1 | |
| Ancient of Wind | 1 | |
| Chimaera Roost | 3 | |
| Tree of Life | 1 | |
19 total
» build order
00:41 Moon Well
00:58 Altar of Elders
01:09 Ancient of War
01:35 Moon Well
02:06 Moon Well
02:34 Moon Well
03:37 Moon Well
05:16 Moon Well
05:23 Tree of Ages
06:25 Hunter's Hall
07:37 Moon Well
07:47 Tree of Eternity
08:32 Moon Well
08:46 Ancient of Wind
09:32 Moon Well
10:23 Chimaera Roost
10:26 Chimaera Roost
10:30 Chimaera Roost
16:32 Tree of Life
Chat log
(00:15 / Allies) Devlar: hey guys
(00:16 / Allies) Devlar: rush?
(00:27 / Allies) Heads-Will-Roll: I will cc
(01:41 / Allies) Devlar: Everyone down for rushing?
(01:49 / Allies) Heads-Will-Roll: I just said I'm cc bro
(01:52 / Allies) Devlar: I know that
(01:55 / Allies) Devlar: sorry man
(01:55 / Allies) BeerLord: red said no
(01:56 / Allies) Devlar: I meant the rest
(01:58 / Allies) Devlar: k
(02:08 / Allies) Heads-Will-Roll: I'll contribute 4 grunts after I get leve l3
(02:11 / Allies) Heads-Will-Roll: level 3
(02:25 / Allies) BeerLord: red just go fuck your self
(02:29 / Allies) Heads-Will-Roll: lol
(02:43 / Allies) BeerLord: aafter lev 4 i mean
(02:46 / Allies) BeerLord: or 2
(03:18 / Allies) BeerLord: orc is teching
(03:25 / Allies) BeerLord: jesus fucking christ
(04:07 / Allies) BeerLord: what are you gonna tech too red that will acually help?
(04:19 / Allies) Heads-Will-Roll: wyvs
(04:22 / Allies) Heads-Will-Roll: or bats
(04:38 / Allies) BeerLord: no shit
(04:45 / Allies) BeerLord: orc air is so good
(04:46 / Allies) Heads-Will-Roll: then why ask
(05:28 / Allies) Heads-Will-Roll: lmao
(06:23 / Allies) Devlar: I'm going to go for rifles / knights
(06:37 / Allies) BeerLord: DUDE
(07:09 / Allies) BeerLord: oh my bad orc air coming
(13:10 / Specific player) Heads-Will-Roll: stop[ hitting me I tk
(13:41 / Allies) Devlar: anyone have lumber they can spareA?
(13:42 / Specific player) Heads-Will-Roll: hit me again and Iwill not tk
(14:11 / 7) Heads-Will-Roll: ill tk
(14:17 / Allies) Heads-Will-Roll: wood guys
(15:40 / Allies) Heads-Will-Roll: wood please
(15:43 / 7) Heads-Will-Roll: get a lot of towers
(16:36 / 7) Heads-Will-Roll: don't attack me or I won't TK, and I am your only chance at victory
(16:58 / Allies) Heads-Will-Roll: gold me fucking green
(18:24 / Allies) Heads-Will-Roll: greedy faggot
(18:44 / Allies) BeerLord: silly girl
(18:46 / Allies) Heads-Will-Roll: Wood... now
(18:48 / Allies) BeerLord: go for it